 Dungeon Crawl Stone Soup version 0.23-a0-448-g1c01f63 (webtiles) character file.

10968 rgaf the Cleaver (level 11, -4/108 HPs)
             Began as a Naga Berserker on Nov 21, 2018.
             Was a High Priest of Trog.
             Slain by a white ugly thing (12 damage)
             ... on level 11 of the Dungeon.
             The game lasted 00:08:54 (11425 turns).

rgaf the Cleaver (Naga Berserker)                  Turns: 11425, Time: 00:08:54

Health: -4/108     AC: 12    Str: 22    XL:     11   Next: 70%
Magic:  11/11      EV:  8    Int:  9    God:    Trog [*****.]
Gold:   609        SH:  0    Dex: 10    Spells: 10/10 levels left

rFire    . . .     SeeInvis +   N - +1 war axe (elec)
rCold    . . .     Gourm    .   (no shield)
rNeg     . . .     Faith    .   p - +1 scale mail
rPois    +         Spirit   .   o - +1 hat
rElec    .         Reflect  .   (no cloak)
rCorr    .         Harm     .   r - +0 pair of gloves
MR       +....                  (no barding)
Stlth    ..........             B - amulet of regeneration
HPRegen  0.68/turn              (no ring)
MPRegen  0.12/turn              (no ring)

@: very slow
A: large, see invisible, deformed body, poison resistance, slowness 2, slow
metabolism 1, spit poison 1, AC +3
a: Spit Poison, Berserk, Trog's Hand, Brothers in Arms, Renounce Religion


You were on level 11 of the Dungeon.
You worshipped Trog.
Trog was extremely pleased with you.
You were not hungry.

You visited 1 branch of the dungeon, and saw 11 of its levels.
You also visited: Ossuary.

You collected 724 gold pieces.
You spent 115 gold pieces at shops.

Inventory:

Hand Weapons
 a - a +0 hand axe
 m - a +4 war axe of chopping
 q - a +0 scimitar of flaming
 x - a cursed +2 hand axe of freezing
 C - a +1 battleaxe of electrocution
 N - a +1 war axe of electrocution (weapon)
Armour
 b - a +0 animal skin
 o - a +1 hat (worn)
 p - a +1 scale mail (worn)
 r - a +0 pair of gloves (worn)
Jewellery
 y - an uncursed amulet of the acrobat
 B - an amulet of regeneration (around neck)
 H - an uncursed ring of resist corrosion {unknown}
 K - an uncursed ring of protection from cold {unknown}
Wands
 z - a wand of iceblast (9)
 J - a wand of random effects (44)
Scrolls
 d - 6 scrolls of remove curse
 e - 9 scrolls of identify
 h - 3 scrolls of enchant armour
 j - 8 scrolls of teleportation
 n - a scroll of enchant weapon
 s - a scroll of amnesia
 t - a scroll of immolation
 v - a scroll of silence
 w - 2 scrolls of magic mapping
 L - a scroll of vulnerability
Potions
 f - a potion of berserk rage {unknown}
 g - 2 potions of brilliance {unknown}
 i - 3 potions of invisibility
 k - 3 potions of might {unknown}
 l - a potion of mutation {unknown}
 u - 7 potions of curing
 A - 4 potions of agility {unknown}
 D - a potion of ambrosia {unknown}
 E - a potion of resistance {unknown}
 F - a potion of lignification {unknown}
 G - 2 potions of degeneration {unknown}
 I - a potion of cancellation {unknown}
Comestibles
 c - 18 rations


   Skills:
 + Level 9.6 Fighting
 * Level 12.9 Axes
 + Level 7.9 Armour
 - Level 1.5 Dodging


You had 10 spell levels left.
You didn't know any spells.
Your spell library was empty.

Dungeon Overview and Level Annotations

Branches:
Dungeon (11/15)            Temple (0/1) D:4            Lair (0/6) D:9
    Orc (0/2) D:10

Altars:
Ashenzari
Okawaru
Sif Muna
Trog
Wu Jian
Zin

Shops:
D:5 *   D:8 *

Annotations:
D:3 2 transporters, Snicker's ghost, amateur DsAs
D:4 2 transporters, LizzardofHazz's ghost, amateur FoAK


Innate Abilities, Weirdness & Mutations

You cannot wear boots.
Your serpentine skin is tough. (AC +3)
You have supernaturally acute eyesight. (SInv)
Armour fits poorly on your strangely shaped body.
Your system is resistant to poisons. (rPois)
You cover ground very slowly.
You have a slow metabolism.
You can spit poison.


Message History

The white ugly thing is lightly wounded.
The orc priest mumbles some strange prayers to Beogh against you.
Beogh smites you!
A crimson imp comes into view.
The white ugly thing stings you. The white ugly thing freezes you!!
* * * LOW HITPOINT WARNING * * *
The crimson imp shouts!
You hear a shout!
As you read the scroll labeled CAH REOHAEME, it crumbles to dust.
You speak a Word of immense power!
The crimson imp convulses!
You kill the crimson imp!
Trog accepts your kill.
It was a scroll of holy word.
The orc priest calls down the wrath of Beogh upon you.
Pain shoots through your body!
* * * LOW HITPOINT WARNING * * *
The white ugly thing stings you but does no damage.
You feel better. The white ugly thing stings you!
* * * LOW HITPOINT WARNING * * *
The white ugly thing freezes you!
You die...

....#. ###......
#........
##........
###.........
#.......... .
#..<...## ..#
#.......#...#
#.....@u...#
..........)...#
...............#
....?......o....#
...............##
.................
.................
................


You could see a white ugly thing and an orc priest.

Vanquished Creatures
  Erica (D:10)
  A two-headed ogre (D:10)
  Pikel (D:6)
  A deep elf mage (D:10)
  A kobold demonologist (D:7)
  2 trolls
  Grinder (D:4)
  4 slime creatures (D:9)
  2 hippogriffs
  Sigmund (D:6)
  A human (D:10)
  A hungry ghost (D:9)
  Menkaure (D:6)
  Edmund (D:6)
  A water moccasin (D:9)
  6 orc warriors
  4 ice beasts
  2 sky beasts
  A slave (D:6)
  A black bear (D:8)
  8 ogres
  2 necrophages
  A crocodile (D:7)
  5 centaurs
  6 bullfrogs
  A gnoll sergeant (D:8)
  4 scorpions
  6 killer bees (D:7)
  9 wights
  A howler monkey (D:5)
  4 bullfrog zombies
  6 jellies
  2 centaur zombies (Ossuary)
  6 crimson imps
  2 quasits (D:9)
  6 centaur skeletons
  4 orc wizards
  3 orc priests
  5 hounds
  2 bullfrog skeletons
  15 mummies (Ossuary)
  3 iguanas
  6 worker ants
  A killer bee zombie (D:7)
  2 hound zombies
  3 hound skeletons
  4 worker ant zombies
  8 adders
  8 gnolls
  A shadow imp (D:10)
  An ooze (D:3)
  An adder skeleton (D:6)
  An adder zombie (Ossuary)
  2 worms
  3 dart slugs
  5 leopard geckos
  33 orcs
  6 giant cockroaches
  16 goblins
  19 hobgoblins
  13 jackals
  14 kobolds
  5 quokkas
  2 ball pythons
  13 bats
  6 frilled lizards
  A goblin zombie (D:8)
  A jackal zombie (Ossuary)
  2 leopard gecko zombies (Ossuary)
  A quokka skeleton (D:5)
  2 quokka zombies
  6 rats
  A rat zombie (D:8)
322 creatures vanquished.

Vanquished Creatures (others)
  A wizard (D:10)
  A plant (D:5)
  A withered plant (Ossuary)
3 creatures vanquished.

Grand Total: 325 creatures vanquished

Notes
Turn   | Place    | Note
-------+----------+-------------------------------------------
     0 | D:1      | rgaf the Naga Berserker began the quest for the Orb.
     0 | D:1      | Reached XP level 1. HP: 21/21 MP: 1/1
   145 | D:1      | Reached XP level 2. HP: 19/28 MP: 2/2
   585 | D:1      | Reached XP level 3. HP: 34/34 MP: 3/3
  1142 | D:2      | Reached ** piety under Trog
  1218 | D:2      | Reached skill level 4 in Axes
  1530 | D:2      | Reached XP level 4. HP: 42/42 MP: 4/4
  2934 | D:3      | Reached XP level 5. HP: 50/50 MP: 5/5
  2949 | D:3      | Found a transporter.
  2949 | D:3      | Noticed Snicker's ghost (amateur DsAs)
  2976 | D:3      | Found a transporter.
  3012 | D:3      | Found an ornate altar of the Wu Jian Council.
  3366 | D:4      | Noticed an ogre
  3370 | D:4      | Killed an ogre
  3370 | D:4      | Reached skill level 5 in Axes
  3403 | D:4      | Noticed LizzardofHazz's ghost (amateur FoAK)
  3404 | D:4      | Found a transporter.
  3405 | D:4      | Noticed an ogre
  3409 | D:4      | Found a transporter.
  3460 | D:4      | Reached XP level 6. HP: 57/57 MP: 6/6
  3472 | D:4      | Found a staircase to the Ecumenical Temple.
  3491 | D:4      | Noticed Grinder
  3502 | D:4      | Paralysed by Grinder for 4 turns
  3520 | D:4      | Paralysed by Grinder for 5 turns
  3531 | D:4      | Killed Grinder
  3804 | D:4      | Reached XP level 7. HP: 63/66 MP: 7/7
  3808 | D:4      | Found an iron altar of Okawaru.
  3810 | D:4      | Found a glowing silver altar of Zin.
  3814 | D:4      | Found a shattered altar of Ashenzari.
  3815 | D:4      | Reached *** piety under Trog
  3881 | D:4      | Reached skill level 6 in Axes
  4302 | D:5      | Entered Level 5 of the Dungeon
  4424 | D:5      | Reached skill level 5 in Fighting
  4664 | D:5      | Reached XP level 8. HP: 74/74 MP: 8/8
  4706 | D:5      | Found Jodiluut's Assorted Antiques.
  4715 | D:5      | Bought a scroll labeled XUUMER MATUORE for 23 gold pieces
  4715 | D:5      | Bought a scroll labeled LENAOHU EMODD for 23 gold pieces
  4715 | D:5      | Bought a scroll labeled XIGUMO ZAJOU for 23 gold pieces
  4715 | D:5      | Bought a scroll labeled RUFOCIMP WEUDECRO for 23 gold
                  | pieces
  4715 | D:5      | Bought a scroll labeled RASIOS WYENO for 23 gold pieces
  4731 | D:5      | Reached skill level 7 in Axes
  5199 | D:5      | Reached **** piety under Trog
  5202 | D:5      | Reached skill level 8 in Axes
  6064 | D:6      | Reached XP level 9. HP: 84/84 MP: 9/9
  6161 | D:6      | Reached skill level 5 in Armour
  6193 | D:6      | Noticed Pikel
  6310 | D:6      | Killed Pikel
  6310 | D:6      | Reached skill level 9 in Axes
  6336 | D:6      | Noticed Edmund
  6350 | D:6      | Killed Edmund
  6402 | D:6      | Noticed Menkaure
  6404 | D:6      | Killed Menkaure
  6514 | D:6      | Noticed Sigmund
  6520 | D:6      | Killed Sigmund
  6661 | D:6      | Reached skill level 10 in Axes
  7116 | D:7      | Reached XP level 10. HP: 89/94 MP: 10/10
  7551 | D:7      | Noticed a kobold demonologist
  7564 | D:7      | Killed a kobold demonologist
  7666 | D:7      | Reached ***** piety under Trog
  7793 | D:8      | Reached skill level 11 in Axes
  7932 | D:8      | Found Seg Sidd's Serpentskin Sales.
  7935 | D:8      | Received a gift from Trog
  8261 | D:8      | Found a sand-covered staircase.
  8270 | Ossuary  | Entered an ossuary
  8329 | Ossuary  | Received a gift from Trog
  9194 | D:9      | Reached XP level 11. HP: 83/104 MP: 11/11
  9523 | D:9      | Reached skill level 12 in Axes
 10066 | D:9      | Found a staircase to the Lair.
 10152 | D:10     | Entered Level 10 of the Dungeon
 10428 | D:10     | Noticed Erica
 10440 | D:10     | Killed Erica
 10479 | D:10     | Noticed a two-headed ogre
 10487 | D:10     | Killed a two-headed ogre
 10693 | D:10     | Noticed a deep elf mage
 10706 | D:10     | Killed a deep elf mage
 11007 | D:10     | Found a staircase to the Orcish Mines.
 11216 | D:10     | Found a deep blue altar of Sif Muna.
 11279 | D:10     | Found a bloodstained altar of Trog.
 11280 | D:10     | Noticed a wizard
 11285 | D:10     | Killed a wizard
 11416 | D:11     | Noticed a white ugly thing
 11425 | D:11     | Slain by a white ugly thing

Vault maps used:
D:1:      saegor_arrival_simple_b
D:3:      lemuel_crystal_altar, gammafunk_ghost_mausoleum, first_ration,
          kennysheep_generic_room_14
D:4:      grunt_temple_overflow_open, temple_green, gammafunk_ghost_smash,
          uniq_grinder
D:5:      corexii_shantytown, serial_shops, nicolae_shop_overgrown_old_shop
D:6:      uniq_pikel, uniq_sigmund, uniq_edmund, uniq_menkaure
D:7:      minmay_opposing_rooms
D:8:      enter_ossuary_4, guppyfry_shop_venom
D:9:      lair_entry_dummy
D:10:     kennysheep_orc_sif_temple, david_orc_2, hangedman_stone_soup,
          minmay_misc_feat_ornament, minmay_strange_pillars, trog_wizard,
          uniq_erica
D:11:     hangedman_minor_magic, uniq_harold
Ossuary:  ossuary_zaba_flooded

Skill      XL: |  1  2  3  4  5  6  7  8  9 10 11 |
---------------+----------------------------------+-----
Armour         | 2 3 4 5 7 |  7.9
Axes           | 4 5 6 8 10 11 12 | 12.9
Fighting       | 4 5 6 7 8 9 |  9.6
Dodging        | |  1.5

Action                   |  1- 3 |  4- 6 |  7- 9 | 10-12 || total
-------------------------+-------+-------+-------+-------++-------
Melee: Hand axe          |   135 |    23 |       |       ||   158
       War axe           |       |    80 |   264 |   367 ||   711
       Battleaxe         |       |       |       |    87 ||    87
Invok: Berserk           |     2 |     1 |     2 |     6 ||    11
  Use: Potion            |       |     5 |       |     1 ||     6
       Scroll            |       |       |     5 |    11 ||    16
  Eat: Chunk             |     2 |     6 |    11 |    12 ||    31
       Ration            |       |       |       |     3 ||     3
Armor: Animal skin       |    52 |     6 |       |       ||    58
       Scale mail        |       |    39 |   135 |   291 ||   465
Dodge: Dodged            |   126 |    57 |   118 |   203 ||   504

Table legend:
 A = Non-vault XP
 B = Vault XP
 C = Vault XP percentage of total XP
 D = Non-vault monster count
 E = Vault monster count
 F = Vault count percentage of total count
                 A         B        C        D         E       F
            +---------+---------+-------+---------+---------+-------
      Total |   10121 |    5548 |  35.4 |     230 |      91 |  28.3
            +---------+---------+-------+---------+---------+-------
        D:1 |      49 |       0 |   0.0 |      27 |       0 |   0.0
        D:2 |      78 |       0 |   0.0 |      30 |       0 |   0.0
        D:3 |      64 |       1 |   1.5 |      21 |       1 |   4.5
        D:4 |     350 |     286 |  45.0 |      10 |       1 |   9.1
        D:5 |    1151 |      75 |   6.1 |      35 |      31 |  47.0
        D:6 |    1163 |    1168 |  50.1 |      16 |       4 |  20.0
        D:7 |     897 |    1088 |  54.8 |      19 |       9 |  32.1
        D:8 |    1363 |      16 |   1.2 |      26 |       4 |  13.3
        D:9 |    3191 |       0 |   0.0 |      29 |       0 |   0.0
       D:10 |    1647 |    2281 |  58.1 |      15 |      14 |  48.3
       D:11 |     168 |       0 |   0.0 |       2 |       0 |   0.0
    Ossuary |       0 |     633 | 100.0 |       0 |      27 | 100.0
            +---------+---------+-------+---------+---------+-------
